 Dungeon Crawl Stone Soup version 0.27.1-33-g824d729ab1 (webtiles) character file.

Game seed: 18334133588780208015

2377 pkoi the Grappler (level 9, -25/72 HPs)
             Began as a Pale Draconian Fighter on Dec 15, 2021.
             Was an Initiate of Gozag.
             Annihilated by a two-headed ogre (28 damage)
             ... on level 7 of the Dungeon.
             The game lasted 00:09:05 (9439 turns).

pkoi the Grappler (Pale Draconian Fighter)          Turns: 9439, Time: 00:09:05

Health: -25/72     AC:  9    Str: 19    XL:     9   Next: 21%
Magic:  9/9        EV: 13    Int: 12    God:    Gozag
Gold:   731        SH:  0    Dex: 10    Spells: 6/8 levels left

rFire    . . .     SeeInvis .     - Unarmed
rCold    + . .     Faith    .   (no shield)
rNeg     . . .     Spirit   .   (armour unavailable)
rPois    .         Reflect  .   (helmet restricted)
rElec    .         Harm     .   (no cloak)
rCorr    +         Rampage  .   (no gloves)
Will     .....                  h - +1 pair of boots
Stlth    +.........             (no amulet)
HPRegen  0.22/turn              g - ring of resist corrosion
MPRegen  0.11/turn              f - ring of protection from cold

@: short of breath, gold aura, studying Unarmed Combat
A: breathe steam, AC +7, unfitting armour, cold-blooded, steam resistance
a: Breathe Steam, Renounce Religion, Potion Petition, Call Merchant, Bribe
Branch


You were on level 7 of the Dungeon.
You worshipped Gozag.
Gozag was pleased with you.
You visited 2 branches of the dungeon, and saw 8 of its levels.

You collected 786 gold pieces.
You paid 55 gold pieces to Gozag.

Inventory:

Missiles
 b - 9 poisoned darts (quivered)
Armour
 a - a +0 kite shield
 h - a +1 pair of boots (worn)
Jewellery
 c - a ring of magical power
 f - a ring of protection from cold (right hand)
 g - a ring of resist corrosion (left hand)
 l - a +6 ring of intelligence
Wands
 i - a wand of acid (4)
 o - a wand of flame (27)
Scrolls
 d - 5 scrolls of identify
 j - 2 scrolls of magic mapping
 n - 2 scrolls of enchant armour
Potions
 e - 5 potions of curing
 k - a potion of haste
 m - a potion of brilliance {unknown}
 p - a potion of flight {unknown}


   Skills:
 - Level 4.6 Fighting
 - Level 6.1 Dodging
 - Level 3.0 Shields
 + Level 12.1 Unarmed Combat


You had 6 spell levels left.
You knew the following spells:

 Your Spells              Type           Power      Damage    Failure   Level
a - Poisonous Vapours     Pois/Air       0%         N/A       45%         2

Your spell library contained the following spells:

 Spells                   Type           Power      Damage    Failure   Level
 Beastly Appendage        Tmut           0%         N/A       32%         1
 Corpse Rot               Necr/Air       N/A        N/A       45%         2
 Wereblood                Tmut           0%         N/A       45%         2
 Spider Form              Tmut/Pois      0%         N/A       69%         3
 Freezing Cloud           Conj/Ice/Air   0%         6-21      100%        5
 Chain Lightning          Conj/Air       0%         N/A       100%        9
 Fire Storm               Conj/Fire      0%         5d1       100%        9


Dungeon Overview and Level Annotations

Branches:
Dungeon (7/15)             Temple (1/1) D:4

Altars:
Dithmenos
Elyvilon
Fedhas
Gozag
Hepliaklqana
Kikubaaqudgha
Nemelex Xobeh
Okawaru
Qazlal
Ru
Sif Muna
Uskayaw
Vehumet
Zin
The Shining One

Shops:
D:4 [

Annotations:
D:3 3 runed translucent doors, lonewolfV2's ghost, weakling OpCj


Innate Abilities, Weirdness & Mutations

You can breathe blasts of scalding, opaque steam.
Your pale cyan-grey scales are hard. (AC +7)
You cannot fit into any form of body armour.
You are cold-blooded and may be slowed by cold attacks.
You are immune to the effects of steam.


Message History

The howler monkey skeleton hits you but does no damage.
You punch the howler monkey skeleton!
You tail-slap the howler monkey skeleton.
You punch the howler monkey skeleton.
You destroy the howler monkey skeleton!
A hound comes into view.
The hound moves out of view.
You see here 6 gold pieces.
The two-headed ogre barely misses you.
The two-headed ogre hits you with a +0 giant spiked club!
You punch the two-headed ogre!
The two-headed ogre is moderately wounded.
You hit the two-headed ogre but do no damage.
The two-headed ogre is moderately wounded.
The two-headed ogre hits you with a +0 giant spiked club!!
* * * LOW HITPOINT WARNING * * *
The two-headed ogre hits you with a +0 giant spiked club!
* * * LOW HITPOINT WARNING * * *
You are too injured to fight recklessly!
You are too injured to fight recklessly!
You are too injured to fight recklessly!
You are too injured to fight recklessly!
Unknown command.
Press: ? - help, Shift-Dir - straight line, f - two-headed ogre
Aim: a two-headed ogre, wielding two +0 giant spiked clubs (moderately wounded)
You exhale a blast of scalding steam.
The ball of steam hits the two-headed ogre.
The two-headed ogre is moderately wounded.
The two-headed ogre is engulfed in a cloud of scalding steam.
The two-headed ogre closely misses you.
The two-headed ogre completely misses you.
You hit the two-headed ogre.
The two-headed ogre is heavily wounded.
You hit the two-headed ogre but do no damage.
The two-headed ogre is heavily wounded.
The two-headed ogre hits you with a +0 giant spiked club!!
* * * LOW HITPOINT WARNING * * *
The two-headed ogre hits you with a +0 giant spiked club!!
You die...
Your body crumbles into a pile of gold.

.#.# +_'.## .# .#.#
.#.#.##+##..
#.#.#.....#.#.#.#.#.#.##
#.#.#...#.#.#.#.#.#.##
#.#.....#.#.#.#.#.#.#
#§#.#.#.#.#.#.#.#.##
#§#.#.#.#.#.#.#.#.#
#O#.....#.#.#.#.##
#@#.....#.#.#.#.#
.#.#$....#.#.#.#.###
#..........####.......
#..........#.........#
#..........#.........#
#..........#.........#
#..<.......#.........#
#....(.#########.#####
######.# #.#


You could see a two-headed ogre.

Vanquished Creatures
  Pikel (D:3)
  Sigmund (D:4)
  A steam dragon (D:5)
  2 ice beasts (D:5)
  4 sky beasts
  A hornet zombie (D:6)
  A black bear (D:5)
  An ogre (D:6)
  A lemure (D:3)
  A scorpion (D:5)
  A water moccasin skeleton (D:5)
  3 hounds
  A jelly (D:6)
  5 orc priests
  A gnoll shaman (D:3)
  Jessica (D:3)
  5 iguanas
  An orc wizard (D:4)
  Robin (D:3)
  5 gnolls
  A howler monkey skeleton (D:7)
  7 adders
  A white imp (D:5)
  An ufetubus (D:6)
  2 worms (D:2)
  2 dart slugs
  16 orcs
  6 ball pythons
  7 endoplasms
  2 giant cockroaches
  11 hobgoblins
  9 jackals
  2 quokkas
  3 bats
  2 frilled lizards
  16 goblins
  5 kobolds
  5 rats
136 creatures vanquished.

Notes
Turn   | Place    | Note
-------+----------+-------------------------------------------
     0 | D:1      | pkoi the Draconian Fighter began the quest for the Orb.
     0 | D:1      | Reached XP level 1. HP: 19/19 MP: 1/1
   243 | D:1      | Reached XP level 2. HP: 14/26 MP: 2/2
   488 | D:1      | Reached skill level 3 in Unarmed Combat
   936 | D:1      | Reached XP level 3. HP: 19/31 MP: 3/3
  1516 | D:2      | Reached skill level 4 in Unarmed Combat
  2056 | D:2      | Reached XP level 4. HP: 38/38 MP: 4/4
  2807 | D:3      | Noticed Jessica
  2816 | D:3      | Killed Jessica
  3125 | D:3      | Noticed Robin
  3161 | D:3      | Reached XP level 5. HP: 45/45 MP: 5/5
  3185 | D:3      | Killed Robin
  3186 | D:3      | Reached skill level 5 in Unarmed Combat
  3393 | D:3      | Found a runed translucent gate.
  3394 | D:3      | Found a runed translucent gate.
  3394 | D:3      | Found a runed translucent gate.
  3394 | D:3      | Noticed lonewolfV2's ghost (weakling OpCj)
  3978 | D:4      | Noticed a lemure
  3985 | D:4      | Noticed Sigmund
  4022 | D:3      | Killed a lemure
  4309 | D:4      | Noticed a lemure
  4311 | D:4      | Noticed Pikel
  4313 | D:4      | Noticed a lemure
  4319 | D:4      | Noticed a lemure
  5013 | D:3      | Reached XP level 6. HP: 22/51 MP: 6/6
  5182 | D:4      | Found a staircase to the Ecumenical Temple.
  5376 | D:3      | Killed Pikel
  5377 | D:3      | Reached skill level 7 in Unarmed Combat
  5377 | D:3      | Your scales start taking on a pale cyan-grey colour.
  5377 | D:3      | Reached XP level 7. HP: 24/57 MP: 7/7
  5377 | D:3      | Gained mutation: You are immune to the effects of steam.
                  | [Pale Draconian growth]
  5665 | Temple   | Entered the Ecumenical Temple
  5909 | Temple   | Became a worshipper of Gozag Ym Sagoz the Greedy
  5943 | D:4      | Found a sparkling altar of Nemelex Xobeh.
  5945 | D:4      | Found a white marble altar of Elyvilon.
  6008 | D:4      | Reached skill level 5 in Dodging
  6018 | D:4      | Found a hide-covered altar of Uskayaw.
  6054 | D:4      | Found Ikugaeck's Antique Armour Shop.
  6207 | D:3      | Reached skill level 8 in Unarmed Combat
  6693 | D:4      | Killed Sigmund
  6694 | D:4      | Reached XP level 8. HP: 55/63 MP: 8/8
  6774 | D:5      | Entered Level 5 of the Dungeon
  6776 | D:5      | Identified a scroll of acquirement
  6776 | D:5      | Acquired a manual of Unarmed Combat
  6936 | D:5      | Learned a level 2 spell: Poisonous Vapours
  6979 | D:5      | Reached skill level 9 in Unarmed Combat
  7762 | D:5      | Reached skill level 10 in Unarmed Combat
  7971 | D:5      | Reached skill level 11 in Unarmed Combat
  7971 | D:5      | Reached XP level 9. HP: 63/72 MP: 9/9
  8762 | D:6      | Reached skill level 12 in Unarmed Combat
  9402 | D:7      | Found an iron altar of Okawaru.
  9429 | D:7      | Noticed a two-headed ogre
  9439 | D:7      | HP: 3/72 [two-headed ogre (20)]
  9439 | D:7      | Annihilated by a two-headed ogre

Illustrated notes

Levels and vault maps discovered:
D:1:      dpeg_arrival_rooms_a, layout_loops_cross
D:2:      layout_loops_corners
D:3:      layout_basic, gammafunk_ghost_nasty_kobolds, skrybe_limestone_x,
          chequers_serial_rivers_large_a, guppyfry_early_lair_pool, uniq_robin,
          uniq_jessica
D:4:      layout_cave_pools, mainiacjoe_overflow_catwalk,
          grunt_temple_overflow_open, minmay_temple_entry_statues_pillars,
          serial_shops, nicolae_shop_overgrown_old_shop, lightli_corner_chamber,
          uniq_sigmund, uniq_pikel
D:5:      layout_layer_cave
D:6:      layout_basic, moated_statue
D:7:      layout_basic, kennysheep_mini, uniq_maggie
Temple:   minmay_temple_curvy_loop

Skill      XL: |  1  2  3  4  5  6  7  8  9 |
---------------+----------------------------+-----
Unarmed Combat | 3 4 5 7 8 11 12 | 12.1
Dodging        | 3 4 5 6 |  6.1
Fighting       | 4 |  4.6
Shields        | |  3.0

Action                   |  1- 3 |  4- 6 |  7- 9 || total
-------------------------+-------+-------+-------++-------
Melee: Unarmed           |   143 |   222 |   166 ||   531
       Tailslap          |    16 |    27 |    18 ||    61
       Punch             |     5 |     5 |     5 ||    15
 Abil: Breathe Steam     |       |       |    15 ||    15
  Use: Potion            |       |     3 |       ||     3
       Scroll            |       |       |    13 ||    13
Armor: Skin              |    41 |    60 |    49 ||   150
Dodge: Dodged            |   100 |   118 |   117 ||   335
